 Dungeon Sprint DCSS version 0.31-a0-115-g4708a659fe (webtiles) character file.

Game seed: 1974654258449867327

5756 Conn the Arsonist (level 10, -8/57 HPs)
             Began as an Octopode Fire Elementalist on May 29, 2023.
             Was a High Priest of Sif Muna.
             Killed by an exploding centaur warrior (36 damage)
             ... ignited by their inner flame
             ... in the Dungeon (Sprint I: "Red Sonja").
             The game lasted 00:15:10 (1643 turns).

Conn the Arsonist (Octopode Fire Elementalist)      Turns: 1643, Time: 00:15:11

Health: -8/57      AC:  1    Str:  7    XL:     10   Next: 78%
Magic:  9/26       EV: 15    Int: 23    God:    Sif Muna [*****.]
Gold:   639        SH:  0    Dex: 12    Spells: 18/33 levels left

rFire   . . .        h - +2 scythe (protect)
rCold   . . .        (shield currently unavailable)
rNeg    . . .        (helmet restricted)
rPois   .            (no amulet)
rElec   .            (no ring)
rCorr   .            (no ring)
SInv    .            (no ring)
Will    .....        (no ring)
Stlth   ++           (no ring)
HPRegen 0.29/turn    (no ring)
MPRegen 0.20/turn    (no ring)
                     (no ring)

%: no teleportation
@: confused
A: almost no armour, amphibious, 8 rings, camouflage 1, gelatinous body 1,
(nimble swimmer 1), tentacles, mutation resistance 1
a: Renounce Religion, Channel Magic, Forget Spell, Divine Exegesis


You were in the Dungeon.
You worshipped Sif Muna.
Sif Muna was extremely pleased with you.
You visited 1 branch You collected 837 gold pieces.
You spent 198 gold pieces at shops.

Inventory:

Hand Weapons
 g - a +0 dagger
 h - a +2 scythe of protection (weapon)
 l - a +0 dagger of distortion
Missiles
 m - 5 curare-tipped darts
Wands
 e - a wand of roots (14)
Scrolls
 f - 2 scrolls of blinking
 i - 4 scrolls of identify {unknown}
 j - a scroll of fear {unknown}
Potions
 a - 3 potions of magic
 b - 2 potions of curing
 c - a potion of heal wounds
 d - a potion of haste
 k - a potion of enlightenment {unknown}
 n - 2 potions of lignification {unknown}


   Skills:
 + Level 0.5 Fighting
 + Level 6.6 Dodging
 - Level 7.2 Stealth
 + Level 3.2 Unarmed Combat
 + Level 12.3 Spellcasting
 * Level 8.6 Conjurations
 - Level 5.2 Hexes
 + Level 3.5 Summonings
 + Level 14.9 Fire Magic
 * Level 8.5 Invocations
 + Level 3.0 Evocations


You had 18 spell levels left.
You knew the following spells:

 Your Spells              Type           Power      Damage    Failure   Level
a - Foxfire               Conj/Fire      100%       2x1d9     1%          1
b - Scorch                Fire           100%       2d9       0%          2
c - Inner Flame           Hex/Fire       57%        N/A       1%          3
d - Flame Wave            Conj/Fire      62%        2d14      1%          4
e - Call Imp              Summ           60%        N/A       1%          2
f - Mephitic Cloud        Conj/Pois/Air  27%        N/A       4%          3

Your spell library contained the following spells:

 Spells                   Type           Power      Damage    Failure   Level
 Magic Dart               Conj           100%       1d8       1%          1
 Volatile Blastmotes      Fire/Tloc      96%        2d18      1%          3


Dungeon Overview and Level Annotations

Branches:
Dungeon (1/1)

Altars:
Cheibriados
Dithmenos
Elyvilon
Fedhas
Gozag
Hepliaklqana
Kikubaaqudgha
Makhleb
Nemelex Xobeh
Okawaru
Qazlal
Ru
Sif Muna
Trog
Uskayaw
Vehumet
Wu Jian
Xom
Yredelemnul
Zin
The Shining One
Jiyva
Lugonu

Shops:
D *![:[=[


Innate Abilities, Weirdness & Mutations

You cannot wear most types of armour.
You are amphibious.
You can wear up to eight rings at the same time.
Your skin changes colour to match your surroundings (Stealth+).
Your rubbery body absorbs attacks. (AC +1, EV +1)
((You are camouflaged when in or above water. (Stealth+)))
You have tentacles for arms and can constrict up to eight enemies at once.
You are somewhat resistant to further mutation.


Message History

You feel better.
You are engulfed in noxious fumes.
You choke on the stench!
You are confused.
The centaur warrior hits you but does no damage.
The centaur warrior kicks you. The centaur warrior misses you.
The centaur warrior kicks you.
You bump into the rock wall.
You are engulfed in noxious fumes.
You feel less confused. The centaur warrior barely misses you.
The centaur warrior completely misses you.
Unknown command.
Casting: Mephitic Cloud (dangerous; 4% risk of failure)
Confirm with . or Enter, or press ? or * to list all spells.
Aiming: Mephitic Cloud (dangerous; 4% risk of failure)
Press: ? - help, Shift-Dir - straight line, f/p - centaur warrior
Aim: a centaur warrior (almost dead, inner flame, more vulnerable to fire, chance to affect: 53%) That beam is likely to hit you.
Continue anyway?
The ball explodes into a vile cloud!
The stinking cloud engulfs the centaur warrior but does no damage.
The centaur warrior is lightly wounded.
The stinking cloud engulfs you but does no damage.
The stinking cloud engulfs the centaur warrior but does no damage.
The centaur warrior is almost dead.
You are engulfed in noxious fumes.
You choke on the stench!
You are confused.
The centaur warrior is engulfed in noxious fumes. x2
The centaur warrior appears confused.
The centaur warrior is engulfed in noxious fumes.
The centaur warrior appears confused.
The centaur warrior is engulfed in noxious fumes.
The centaur warrior appears confused.
The centaur warrior hits the centaur warrior.
Sif Muna accepts your kill.
You see here Sif Muna's Tome of the Salamander and Abominable Ceremonies {god gift}.
Sif Muna grants you a gift!
The centaur warrior explodes!
The fiery explosion engulfs the centaur warrior!!
The centaur warrior is heavily wounded.
The fiery explosion engulfs you!!!
Ouch! That really hurt!
You die...

##########################
#<.#.)'..#.['..#__#..)...#
#..[.§#..'..#..'..'..#...#
#..#####'#####v#__####...+
#..####..#...#@####$$#####
#..#__####..##§#§c§§c#
#..#_____##'#c○☼~c§§§+
#⌠⌠#_.∩...'..._#~§§§§#
####_..__##_.#'##+####
#_____###'#.#....###
############.####'###.##
#∩........'...'[....'.∩#
###''''####...##########


You could see a centaur warrior (confused, ally target).

Vanquished Creatures
  A centaur warrior (D)
  Sonja (D)
  A deep troll (D)
  8 shining eyes (D)
  2 kobold demonologists (D)
  A slime creature (D)
  Sigmund (D)
  A yak (D)
  5 floating eyes (D)
  An ogre (D)
  A jelly (D)
  Ijyb (D)
  2 ballistomycete spores (D)
26 creatures vanquished.

Vanquished Creatures (others)
  47 foxfires (D)
47 creatures vanquished.

Grand Total: 73 creatures vanquished

Notes
Turn   | Place    | Note
-------+----------+-------------------------------------------
     0 | D        | Conn the Octopode Fire Elementalist began the quest for the
                  | Orb.
     0 | D        | Reached XP level 1. HP: 11/11 MP: 3/3
     3 | D        | Noticed Ijyb
    11 | D        | Killed Ijyb
    12 | D        | Reached skill level 5 in Fire Magic
    12 | D        | Reached XP level 2. HP: 4/17 MP: 1/6
    12 | D        | Reached XP level 3. HP: 5/21 MP: 1/7
    82 | D        | Learned a level 2 spell: Scorch
    86 | D        | Learned a level 3 spell: Inner Flame
    86 | D        | Noticed an ogre
    94 | D        | Killed an ogre
    95 | D        | Reached skill level 1 in Unarmed Combat
    95 | D        | Reached skill level 7 in Fire Magic
    95 | D        | Reached XP level 4. HP: 27/27 MP: 0/10
   184 | D        | Learned a level 4 spell: Flame Wave
   192 | D        | Noticed Sigmund
   196 | D        | Killed Sigmund
   197 | D        | Reached skill level 5 in Stealth
   197 | D        | Reached skill level 5 in Spellcasting
   197 | D        | Reached skill level 9 in Fire Magic
   197 | D        | Reached skill level 1 in Evocations
   197 | D        | Reached XP level 5. HP: 31/31 MP: 5/12
   197 | D        | Reached XP level 6. HP: 36/36 MP: 5/14
   273 | D        | Found a shimmering blue altar of Sif Muna.
   274 | D        | Found an ornate altar of the Wu Jian Council.
   275 | D        | Found a radiant altar of Vehumet.
   280 | D        | Reached skill level 5 in Dodging
   288 | D        | Became a worshipper of Sif Muna the Loreminder
   312 | D        | Found Kiocs's Book Emporium.
   312 | D        | Found an ancient bone altar of Kikubaaqudgha.
   312 | D        | Found a hazy altar of Hepliaklqana.
   312 | D        | Found a stormy altar of Qazlal.
   312 | D        | Found a hide-covered altar of Uskayaw.
   312 | D        | Found a blossoming altar of Fedhas.
   312 | D        | Found a bloodstained altar of Trog.
   312 | D        | Found an iron altar of Okawaru.
   312 | D        | Found a basalt altar of Yredelemnul.
   312 | D        | Found a glowing golden altar of the Shining One.
   312 | D        | Found a snail-covered altar of Cheibriados.
   312 | D        | Found a sacrificial altar of Ru.
   312 | D        | Found a glowing silver altar of Zin.
   312 | D        | Found a shadowy altar of Dithmenos.
   312 | D        | Found a white marble altar of Elyvilon.
   312 | D        | Noticed a yak
   316 | D        | Killed a yak
   317 | D        | Reached skill level 10 in Fire Magic
   317 | D        | Found an opulent altar of Gozag.
   318 | D        | Found a sparkling altar of Nemelex Xobeh.
   322 | D        | Bought a book of Minor Magic for 198 gold pieces
   325 | D        | Learned a level 2 spell: Call Imp
   329 | D        | Learned a level 3 spell: Mephitic Cloud
   409 | D        | Noticed Sonja
   412 | D        | Killed Sonja
   413 | D        | Reached skill level 1 in Hexes
   413 | D        | Reached skill level 12 in Fire Magic
   413 | D        | Reached XP level 7. HP: 19/41 MP: 9/18
   413 | D        | Reached XP level 8. HP: 22/46 MP: 10/20
   577 | D        | Found Kaptoat's General Store.
   595 | D        | Noticed a shining eye
   595 | D        | Noticed a shining eye
   595 | D        | Noticed a shining eye
   598 | D        | Reached * piety under Sif Muna
   599 | D        | Reached skill level 1 in Invocations
   600 | D        | Noticed a shining eye
   637 | D        | Killed a shining eye
   637 | D        | Noticed a shining eye
   638 | D        | Killed a shining eye
   638 | D        | Reached ** piety under Sif Muna
   639 | D        | Reached skill level 5 in Conjurations
   639 | D        | Reached skill level 1 in Summonings
   639 | D        | Reached skill level 13 in Fire Magic
   639 | D        | Reached XP level 9. HP: 51/51 MP: 0/22
   773 | D        | Killed a shining eye
   774 | D        | Reached skill level 10 in Spellcasting
   774 | D        | Reached skill level 5 in Invocations
   774 | D        | Gained mutation: You are somewhat resistant to further
                  | mutation. [a shining eye]
   775 | D        | Killed a shining eye
   910 | D        | Noticed a shining eye
   914 | D        | Noticed a shining eye
   921 | D        | Paralysed by a floating eye for 3 turns
   929 | D        | Paralysed by a floating eye for 3 turns
   939 | D        | Paralysed by a floating eye for 3 turns
  1076 | D        | Killed a shining eye
  1076 | D        | Reached *** piety under Sif Muna
  1079 | D        | Reached XP level 10. HP: 57/57 MP: 12/24
  1082 | D        | Noticed a shining eye
  1090 | D        | Killed a shining eye
  1090 | D        | Killed a shining eye
  1090 | D        | Killed a shining eye
  1090 | D        | Reached **** piety under Sif Muna
  1091 | D        | Reached skill level 5 in Hexes
  1091 | D        | Reached skill level 14 in Fire Magic
  1220 | D        | Paralysed by a floating eye for 3 turns
  1240 | D        | Found Vaefafy's Armour Shop.
  1240 | D        | Found Sanonaul's Distillery.
  1240 | D        | Found Paedasem's Jewellery Boutique.
  1240 | D        | Found Yjelee's Armour Emporium.
  1389 | D        | Noticed a deep troll
  1395 | D        | Killed a deep troll
  1408 | D        | Found Nat Nueps's Armour Emporium.
  1451 | D        | Found a burning altar of Makhleb.
  1451 | D        | Found a viscous altar of Jiyva.
  1451 | D        | Found a shimmering altar of Xom.
  1451 | D        | Found a corrupted altar of Lugonu.
  1516 | D        | Noticed a kobold demonologist
  1518 | D        | Noticed a kobold demonologist
  1523 | D        | Killed a kobold demonologist
  1526 | D        | Killed a kobold demonologist
  1526 | D        | Reached ***** piety under Sif Muna
  1628 | D        | Noticed a centaur warrior
  1628 | D        | Noticed a centaur warrior
  1643 | D        | Killed a centaur warrior
  1643 | D        | Received a gift from Sif Muna
  1643 | D        | Killed by an exploding centaur warrior... ignited by their
                  | inner flame

Illustrated notes

Levels and vault maps discovered:
D:        dungeon_sprint_1 [red_sonja_temple_1, red_sonja_temple_small_1]

Skill      XL: |  1  2  3  4  5  6  7  8  9 10 |
---------------+-------------------------------+-----
Stealth        | 3 4 5 7 |  7.2
Spellcasting   | 3 4 5 8 9 10 12 | 12.3
Fire Magic     | 5 7 9 12 13 14 | 14.9
Dodging        | 3 4 6 |  6.6
Unarmed Combat | 1 2 3 |  3.2
Conjurations   | 2 3 5 7 8 |  8.6
Evocations     | 1 2 3 |  3.0
Hexes          | 1 2 4 5 |  5.2
Invocations    | 4 6 8 |  8.5
Summonings     | 1 2 3 |  3.5
Fighting       | |  0.5

Action                     |  1- 3 |  4- 6 |  7- 9 | 10-12 || total
---------------------------+-------+-------+-------+-------++-------
  Melee: Unarmed           |     4 |       |       |       ||     4
         Constrict         |     1 |       |       |       ||     1
         Tentacles         |     1 |       |       |       ||     1
   Cast: Foxfire           |     4 |     8 |     7 |    12 ||    31
         Scorch            |     1 |     4 |    15 |    13 ||    33
         Inner Flame       |       |     2 |    15 |     7 ||    24
         Flame Wave        |       |     1 |       |       ||     1
         Call Imp          |       |       |     7 |     3 ||    10
         Mephitic Cloud    |       |       |     1 |     3 ||     4
  Evoke: Wand              |     3 |       |       |       ||     3
    Use: Potion            |     1 |       |       |     1 ||     2
 Armour: Skin              |       |       |       |     2 ||     2
  Dodge: Dodged            |     2 |       |       |     3 ||     5

Table legend: (Time is in decaauts)
 A = Elapsed time spent in this place.
 B = Non-inter-level travel time spent in this place.
 C = Inter-level travel time spent in this place.
 D = Time resting spent in this place.
 E = Time spent auto-exploring this place.
 F = Levels seen in this place.
 G = Mean time per level.
                   A        B        C        D        E       F      G
               +--------+--------+--------+--------+--------+-----+--------+
         Total |   1660 |   1660 |      0 |   1063 |      0 |   1 | 1660.0 |
       Dungeon |   1660 |   1660 |      0 |   1063 |      0 |   1 | 1660.0 |
               +--------+--------+--------+--------+--------+-----+--------+

Top non-repeatable levels by time:
       D: 1660 daAuts
